 Dungeon Crawl Stone Soup version 0.18-a0-987-g0b0e4e7 (webtiles) character file.

2933 gorblad the Shield-Bearer (level 9, -1/66 HPs)
             Began as a Demigod Fighter on Jan 3, 2016.
             Slain by a deep elf knight
             ... wielding a +0 long sword
              (5 damage)
             ... on level 7 of the Dungeon.
             The game lasted 00:20:13 (6128 turns).

gorblad the Shield-Bearer (Demigod Fighter)         Turns: 6128, Time: 00:20:13

Health: -1/66      AC: 14    Str: 34    XL:     9   Next: 26%
Magic:  11/11      EV:  4    Int: 12    God:
Gold:   387        SH: 12    Dex: 17    Spells: 0 memorised, 8 levels left

rFire  . . .     SeeInvis .     a - +3 war axe
rCold  . . .     Gourm    .     j - +0 plate armour
rNeg   . . .     Faith    .     c - +0 shield
rPois  .         Spirit   .     G - +0 helmet
rElec  .         Dismiss  .     (no cloak)
rCorr  .         Reflect  .     (no gloves)
SustAt +         Harm     .     (no boots)
MR     +....                    (no amulet)
Stlth  ..........               t - ring of protection from magic
                                n - +4 ring of strength

@: mighty, very slightly contaminated, hasted, very quick, somewhat resistant to
hostile enchantments, extremely unstealthy
A: agile 1, frail 1, high mp 1, wild magic 1, sustain attributes
a: no special abilities


You were on level 7 of the Dungeon.
You were very hungry.

You visited 1 branch of the dungeon, and saw 7 of its levels.
You also visited: Sewer.

You collected 387 gold pieces.

Inventory:

Hand Weapons
 a - a +3 war axe (weapon)
 m - a +0 hand axe of flaming
Armour
 b - a +0 scale mail
 c - a +0 shield (worn)
 j - a +0 plate armour (worn)
 G - a +0 helmet (worn)
Jewellery
 n - a +4 ring of strength (left hand)
 t - a ring of protection from magic (right hand)
 w - an uncursed ring of wizardry
Wands
 q - a wand of digging (7/24)
 s - a wand of random effects (30/48)
 u - a wand of polymorph (10/24)
 v - a wand of lightning (6/15)
 y - a wand of polymorph (16/24)
 z - a wand of cold (7/15)
Scrolls
 g - 3 scrolls of identify
 i - 4 scrolls of remove curse
 o - 4 scrolls of magic mapping
 p - 3 scrolls of recharging
Potions
 d - 2 potions of might
 e - 2 potions of haste
 h - 3 potions of flight
Comestibles
 f - 5 bread rations
 k - a beef jerky
 r - 8 fruits
 B - a slice of pizza
 C - a royal jelly
 E - 4 meat rations


   Skills:
 + Level 5.5 Fighting
 + Level 6.0 Axes
 + Level 6.2 Armour
 + Level 3.8 Dodging
 + Level 1.2 Stealth
 + Level 6.8 Shields


You had 8 spell levels left.
You didn't know any spells.

Dungeon Overview and Level Annotations

Branches:
Dungeon (7/15)             Temple (0/1) D:7

Annotations:
D:6 Prince Ribbit


Innate Abilities, Weirdness & Mutations

You have an increased reservoir of magic (+10% MP).
Your attributes are resistant to harm.
You are agile. (Dex +2)
You are frail (-10% HP).
Your spells are a little harder to cast, but a little more powerful.


Message History

You are too injured to fight recklessly!
You are too injured to fight recklessly!
You are too injured to fight recklessly!
You are too injured to fight recklessly!
You are too injured to fight recklessly!
You are too injured to fight recklessly!
You are too injured to fight recklessly!
You are too injured to fight recklessly!
You are too injured to fight recklessly!
You slice the deep elf knight!!
The deep elf knight is almost dead.
You block the deep elf knight's attack.
You slash the deep elf knight!
You kill the deep elf knight!
Your Axes skill increases to level 6!
Your Armour skill increases to level 6!
Something hits you!
* * * LOW HITPOINT WARNING * * *
There is a stone staircase leading up here.
Something hits you.
You die...

........###.##
....... #..##
...)...## ##.##
#.... ##...
......## ##.#
#..# ###> ......#
#.# ##..# ##
.....## ##.#
##...# ...).###
#..# #.z###
###....## #..#
###z## #.....#
#..###.e## ##
#..#+## ##.##@.##
########. #.###
##...##
##........ ##
##..# ##.....####
##.######..###.##
#....†...##
#..### ###.######
##.... ###
###.##. #......
#......


You could see a deep elf knight and 2 wights.

Vanquished Creatures
  A deep elf knight (D:7)
  Eustachio (D:4)
  The ghost of tof the Ducker, an amateur DsMo (D:3)
  Menkaure (D:7)
  Edmund (D:4)
  Purgy (Sewer)
  2 phantoms
  A sky beast (D:6)
  A black bear (D:4)
  2 necrophages
  An ogre (D:6)
  A centaur (D:5)
  A water moccasin zombie (D:6)
  3 giant frogs
  A wyvern skeleton (D:6)
  3 scorpions
  4 crimson imps
  2 hounds
  An iguana (D:6)
  Terence (D:3)
  4 worker ants
  A killer bee zombie (D:5)
  A hound zombie (D:6)
  A hound skeleton (D:4)
  Robin (D:2)
  A worker ant zombie (D:7)
  10 adders
  2 shadow imps (D:5)
  An adder zombie (D:7)
  3 adder skeletons
  A worm (D:4)
  4 giant geckos
  An orc (D:6)
  A ball python (D:6)
  8 bats (D:2)
  10 giant cockroaches
  13 goblins
  11 hobgoblins
  12 jackals
  8 kobolds
  5 quokkas
  A ball python skeleton (D:4)
  6 giant newts
  A jackal skeleton (D:4)
  7 rats
144 creatures vanquished.

Notes
Turn   | Place    | Note
--------------------------------------------------------------
     0 | D:1      | gorblad the Demigod Fighter began the quest for the Orb.
     0 | D:1      | Reached XP level 1. HP: 18/18 MP: 3/3
   201 | D:1      | Reached XP level 2. HP: 22/25 MP: 4/4
   390 | D:1      | Reached skill level 3 in Shields
   646 | D:2      | Reached XP level 3. HP: 21/31 MP: 5/5
  1399 | D:2      | Reached skill level 1 in Dodging
  1481 | D:2      | Noticed Robin
  1483 | D:2      | Reached XP level 4. HP: 24/38 MP: 6/6
  1497 | D:2      | Killed Robin
  1516 | D:2      | Got a jewelled helmet
  1518 | D:2      | Identified the +2 helmet of Disguise {rN+++ Str-5 Int+5 Dex-4} (You took it off Robin on level 2 of the Dungeon)
  1986 | D:3      | Noticed Terence
  1989 | D:3      | Found a radiant altar of Vehumet.
  1996 | D:3      | Killed Terence
  2052 | D:3      | Noticed tof's ghost (amateur DsMo)
  2067 | D:3      | Killed tof's ghost
  2067 | D:3      | Reached skill level 4 in Shields
  2067 | D:3      | Reached XP level 5. HP: 33/45 MP: 7/7
  2146 | D:3      | Found an ancient bone altar of Kikubaaqudgha.
  2324 | D:3      | Found a glowing golden altar of the Shining One.
  2644 | D:4      | Noticed a phantom
  2659 | D:4      | Reached XP level 6. HP: 30/51 MP: 8/8
  2982 | D:4      | Found a stormy altar of Qazlal.
  3059 | D:4      | Noticed Edmund
  3078 | D:4      | Killed Edmund
  3078 | D:4      | Reached XP level 7. HP: 41/58 MP: 9/9
  3423 | D:4      | Noticed Eustachio
  3458 | D:4      | Killed Eustachio
  3458 | D:4      | Reached skill level 5 in Shields
  3507 | D:4      | Found a glowing silver altar of Zin.
  3507 | D:4      | Noticed an angel
  3620 | D:4      | Found a deep blue altar of Sif Muna.
  3724 | D:5      | Entered Level 5 of the Dungeon
  4091 | D:5      | Reached XP level 8. HP: 52/67 MP: 10/10
  4309 | D:5      | Reached skill level 1 in Stealth
  4467 | D:6      | Reached skill level 5 in Armour
  4579 | D:6      | Reached skill level 5 in Axes
  4660 | D:6      | Found a glowing drain.
  4666 | Sewer    | Entered a sewer
  4718 | Sewer    | Noticed Purgy
  4748 | Sewer    | Killed Purgy
  4748 | Sewer    | Reached skill level 6 in Shields
  4937 | Sewer    | Gained mutation: You are partially covered in rough black scales (AC +4, Dex -1). [potion of beneficial mutation]
  4966 | Sewer    | Lost mutation: You are partially covered in rough black scales (AC +4, Dex -1). [potion of cure mutation]
  4976 | Sewer    | Gained mutation: Your flesh is cold resistant. [potion of mutation]
  4976 | Sewer    | Gained mutation: You are agile. (Dex +2) [potion of mutation]
  4976 | Sewer    | Lost mutation: Your flesh is cold resistant. [potion of mutation]
  4977 | Sewer    | Gained mutation: You are frail (-10% HP). [potion of mutation]
  4977 | Sewer    | Gained mutation: Your spells are a little harder to cast, but a little more powerful. [potion of mutation]
  5269 | D:6      | Noticed Prince Ribbit
  5357 | D:6      | Reached skill level 5 in Fighting
  5385 | D:6      | Found a shimmering altar of Xom.
  5809 | D:7      | Noticed Menkaure
  5814 | D:7      | Killed Menkaure
  5961 | D:7      | Found a staircase to the Ecumenical Temple.
  5995 | D:7      | Reached XP level 9. HP: 64/66 MP: 11/11
  6018 | D:7      | Found a burning altar of Makhleb.
  6106 | D:7      | Noticed a deep elf knight
  6108 | D:7      | Noticed a deep elf knight
  6109 | D:7      | Noticed a deep elf knight
  6125 | D:7      | Killed a deep elf knight
  6125 | D:7      | HP: 3/66 [something (11)]
  6128 | D:7      | Slain by a deep elf knight

Vault maps used:
D:1:      dpeg_arrival_rooms_a
D:2:      nicolae_overflow_hidden_temple, uniq_robin
D:3:      nicolae_overflow_crystal_walls, overflow_temple_1_default,
          old_standard_altar, uniq_terence
D:4:      black_bear_nest_2, lemuel_coloured_pillars_altar, led_sif_pool,
          zin_angel, uniq_edmund, uniq_eustachio
D:5:      first_bread
D:6:      xom_butterflies, lightli_sewer_entry_pipes, minmay_fountain_box,
          st_stairs_4, uniq_prince_ribbit1
D:7:      kennysheep_little_box, minmay_temple_entry_purple_smoke,
          enter_bailey_3, grunt_livestock, sword_in_stone, uniq_menkaure
Sewer:    sewer_the_crocodile

Action                   |  1- 3 |  4- 6 |  7- 9 || total
-------------------------+-------+-------+-------++-------
Melee: War axe           |   144 |   178 |   296 ||   618
  Use: Scroll            |     2 |     5 |     7 ||    14
       Potion            |       |     7 |    18 ||    25
  Eat: Chunk             |     2 |     6 |     8 ||    16
       Royal jelly       |       |       |     1 ||     1
